[Event "Titled Tuesday Blitz April 11 Late 2023"]
[White "Joubert, Dantelle"]
[Black "Bulgurlu, Okan"]
[WhiteFideId "14310813"]
[BlackFideId "6352316"]
[WhiteElo "1507"]
[BlackElo "1908"]
[Result "0-1"]
[Round "09"]
[TimeControl "180+2"]
[Date "2023.04.11"]
[WhiteClock "0:00:01"]
[BlackClock "0:01:13"]

1. d4 d5 2. c4 e6 3. Nc3 Nf6 4. cxd5 exd5 5. Bg5 Be7 6. e3 O-O 7. Bd3 h6 8. Bh4 b6 9. Nge2 Re8 10. O-O Bb7 11. Qc2 Nbd7 12. Rae1 c5 13. Bg3 Rc8 14. Bf5 cxd4 15. Nxd4 Ba6 16. Bd3 Bxd3 17. Qxd3 Nc5 18. Qf5 Nce4 19. Nxe4 dxe4 20. Rc1 Qd7 21. Qxd7 Nxd7 22. Nf5 Bf8 23. Bc7 g6 24. Nd6 Bxd6 25. Bxd6 f5 26. Rfd1 Kf7 27. Bc7 Nc5 28. Bg3 Nd3 29. Rxc8 Rxc8 30. f3 Ke6 31. fxe4 fxe4 32. Rb1 Rc2 33. h4 Rxb2 34. Rf1 Rxa2 35. Rf8 Ra1+ 0-1


[Site "https://www.chess.com"]

[Event "Titled Tuesday Blitz April 11 Late 2023"]
[White "Antonova, Nadezhda"]
[Black "Sanchez, Robert"]
[WhiteFideId "14700182"]
[BlackFideId "2034360"]
[WhiteElo "1765"]
[BlackElo "1966"]
[Result "1-0"]
[Round "09"]
[TimeControl "180+2"]
[Date "2023.04.11"]
[WhiteClock "0:02:27"]
[BlackClock "0:02:44"]

1. d4 Nf6 2. c4 e6 3. Nc3 Bb4 4. e3 b6 5. Ne2 Ba6 6. a3 Bxc3+ 7. Nxc3 d5 8. b3 O-O 9. Be2 dxc4 10. bxc4 Nc6 11. O-O Na5 12. c5 Bxe2 13. Qxe2 Nd5 14. Nxd5 Qxd5 15. cxb6 axb6 16. Bd2 Nb3 17. Rab1 Rxa3 18. Bb4 Raa8 19. Bxf8 Rxf8 20. Qc2 Na5 1-0


[Site "https://www.chess.com"]

[Event "Titled Tuesday Blitz April 11 Late 2023"]
[White "Marin Masis, Jose Esteban"]
[Black "Vargas, Mauricio"]
[WhiteFideId "6508146"]
[BlackFideId "4404572"]
[WhiteElo "1838"]
[BlackElo "1998"]
[Result "1-0"]
[Round "09"]
[TimeControl "180+2"]
[Date "2023.04.11"]
[WhiteClock "0:00:55"]
[BlackClock "0:01:35"]

1. e4 c5 2. Nf3 d6 3. d4 cxd4 4. Nxd4 Nf6 5. Nc3 g6 6. Bc4 Bg7 7. Be3 O-O 8. Qd2 Nc6 9. Nxc6 bxc6 10. Bh6 Nxe4 11. Nxe4 d5 12. Bxg7 Kxg7 13. O-O-O Qb6 14. Bxd5 cxd5 15. Qxd5 Bb7 16. Qe5+ Kg8 17. Qxe7 Rae8 18. Nf6+ Kh8 19. Nxe8 Rxe8 20. Qxe8+ Kg7 21. Qe5+ f6 22. Rd7+ Kh6 23. Qe3+ g5 24. Qh3+ Kg6 25. Qxh7# 1-0


[Site "https://www.chess.com"]

[Event "Titled Tuesday Blitz April 11 Late 2023"]
[White "Vachier-Lagrave, Maxime"]
[Black "Caruana, Fabiano"]
[WhiteFideId "623539"]
[BlackFideId "2020009"]
[WhiteElo "2740"]
[BlackElo "2837"]
[Result "0-1"]
[Round "10"]
[TimeControl "180+2"]
[Date "2023.04.11"]
[WhiteClock "0:01:10"]
[BlackClock "0:00:34"]

1. e4 e5 2. Nf3 Nc6 3. Bc4 Nf6 4. d3 Bc5 5. c3 d6 6. O-O O-O 7. Nbd2 a5 8. Re1 Be6 9. Bb5 Bb6 10. Nc4 Bc5 11. Ne3 Bb6 12. Ng5 Bd7 13. Ba4 h6 14. Nf3 Re8 15. h3 Ba7 16. Bc2 Ne7 17. d4 Ng6 18. Nf5 exd4 19. cxd4 Bxf5 20. exf5 Rxe1+ 21. Qxe1 Ne7 22. Bd2 Bb6 23. Qe2 Qd7 24. g4 Nc6 25. Be3 Nb4 26. a3 Nxc2 27. Qxc2 Re8 28. Kg2 Qb5 29. a4 Qd5 30. Rc1 h5 31. Kg3 hxg4 32. hxg4 Re4 33. Nh2 Bxd4 34. Bxd4 Rxd4 35. Qxc7 Ne4+ 36. Kh4 g5+ 37. fxg6 Qg5+ 38. Kh3 Qxg6 39. Kg2 Nf6 40. Rc4 Qe4+ 41. f3 Qe2+ 0-1


[Site "https://www.chess.com"]

[Event "Titled Tuesday Blitz April 11 Late 2023"]
[White "Paravyan, David"]
[Black "Naroditsky, Daniel"]
[WhiteFideId "4194985"]
[BlackFideId "2026961"]
[WhiteElo "2563"]
[BlackElo "2633"]
[Result "0-1"]
[Round "10"]
[TimeControl "180+2"]
[Date "2023.04.11"]
[WhiteClock "0:00:01"]
[BlackClock "0:00:03"]

1. d4 Nf6 2. c4 g6 3. g3 Bg7 4. Bg2 O-O 5. Nf3 d6 6. O-O Nbd7 7. Nc3 e5 8. e4 c6 9. h3 Qa5 10. d5 cxd5 11. cxd5 b5 12. a4 Ba6 13. Nd2 Nc5 14. b4 Qxb4 15. Nxb5 Bxb5 16. axb5 Qxb5 17. Ba3 Nfd7 18. Qb1 a6 19. Rc1 Bh6 20. Rc2 Rab8 21. Rb2 Qe2 22. Nb3 Qc4 23. Nxc5 Rxb2 24. Qxb2 Nxc5 25. Bxc5 Qxc5 26. Rxa6 Rc8 27. Rc6 Rxc6 28. dxc6 Qxc6 29. Bf3 Bc1 30. Qb3 Kg7 31. Kg2 h5 32. h4 Bd2 33. Qd3 Bc3 34. Bd1 Bd4 35. Bb3 Qb7 36. Bd5 Qb2 37. Qf3 f6 38. Kf1 Qc1+ 39. Kg2 Qe1 40. Bc4 Qd2 41. Qe2 Qc3 42. Qa2 Qe1 43. Bd5 Kh6 44. Qc2 Bc5 45. Bc4 Kg7 46. Qe2 Qc3 47. Qd3 Qb2 48. Qe2 Qd4 49. Bd5 f5 50. Qf3 Kf6 51. Bc6 Qd2 52. exf5 gxf5 53. Bd7 Qc2 54. Kh3 Qxf2 0-1


[Site "https://www.chess.com"]

[Event "Titled Tuesday Blitz April 11 Late 2023"]
[White "Hakobyan, Aram"]
[Black "Melkumyan, Hrant"]
[WhiteFideId "13306677"]
[BlackFideId "13302485"]
[WhiteElo "2584"]
[BlackElo "2604"]
[Result "1-0"]
[Round "10"]
[TimeControl "180+2"]
[Date "2023.04.11"]
[WhiteClock "0:00:46"]
[BlackClock "0:00:01"]

1. e4 e5 2. Nf3 Nc6 3. Bb5 Nf6 4. O-O Nxe4 5. d4 Nd6 6. dxe5 Nxb5 7. a4 Nbd4 8. Nxd4 d5 9. Nxc6 bxc6 10. Qd3 Be7 11. Qg3 g6 12. Bh6 Rb8 13. b3 Rb4 14. Nd2 Rh4 15. Bg7 Rg8 16. Bf6 g5 17. Rfe1 Be6 18. Qc3 c5 19. Bxe7 Qxe7 20. Qa5 Kf8 21. Qxa7 Kg7 22. a5 Rb4 23. Qa6 c4 24. Qa7 c3 25. Nf3 g4 26. Nd4 Qf8 27. a6 Qc8 28. Qc5 Rb6 29. a7 Qb7 30. Qe7 Ra8 31. Ra4 Rxa7 32. Nxe6+ Rxe6 33. Rxg4+ Rg6 34. Rf4 1-0


[Site "https://www.chess.com"]

[Event "Titled Tuesday Blitz April 11 Late 2023"]
[White "Grigoriants, Sergey"]
[Black "Mammadov, Zaur"]
[WhiteFideId "4130804"]
[BlackFideId "13401033"]
[WhiteElo "2502"]
[BlackElo "2441"]
[Result "1/2-1/2"]
[Round "10"]
[TimeControl "180+2"]
[Date "2023.04.11"]
[WhiteClock "0:00:22"]
[BlackClock "0:01:10"]

1. d4 d5 2. c4 dxc4 3. Nf3 Nf6 4. e3 e6 5. Bxc4 c5 6. O-O cxd4 7. exd4 Be7 8. Nc3 O-O 9. Re1 Nc6 10. a3 b6 11. d5 Na5 12. Ba2 Nxd5 13. Nxd5 exd5 14. Qxd5 Be6 15. Qxd8 Raxd8 16. Bxe6 fxe6 17. Bd2 Nb3 18. Rad1 Rxf3 19. gxf3 Rxd2 20. Rxd2 Nxd2 21. Rxe6 Kf7 22. Rc6 Nxf3+ 23. Kg2 Ne5 24. Rc7 a5 25. Rb7 Nc4 26. b3 Nxa3 27. Rxb6 Nc2 28. Kf3 Bb4 29. Ke4 Na1 30. Kf5 g6+ 31. Ke5 Nxb3 32. Rb7+ Kg8 33. f4 Nc5 34. Rb5 Kg7 35. f5 gxf5 36. Kxf5 Nb3 37. Kg5 Be7+ 38. Kh5 a4 39. Rb7 Kf7 40. Kh6 Nd4 41. Kxh7 Nf3 42. Rb2 a3 43. Rf2 Bf6 44. Rxf3 a2 45. Ra3 a1=Q 46. Rxa1 Bxa1 47. Kh6 Bf6 48. Kh5 Kg7 49. h4 Bxh4 1/2-1/2


[Site "https://www.chess.com"]

[Event "Titled Tuesday Blitz April 11 Late 2023"]
[White "Kollars, Dmitrij"]
[Black "Nakamura, Hikaru"]
[WhiteFideId "12909572"]
[BlackFideId "2016192"]
[WhiteElo "2584"]
[BlackElo "2885"]
[Result "1-0"]
[Round "10"]
[TimeControl "180+2"]
[Date "2023.04.11"]
[WhiteClock "0:00:13"]
[BlackClock "0:00:10"]

1. e4 e5 2. Nf3 Nc6 3. Bc4 Nf6 4. d3 Bc5 5. Nc3 h6 6. h3 a6 7. Be3 d6 8. Bxc5 dxc5 9. a4 Qd6 10. O-O O-O 11. Nd2 Nd4 12. Nd5 Nh7 13. Ne3 a5 14. Bd5 c6 15. Ba2 g6 16. c3 Ne6 17. Ndc4 Qc7 18. g3 h5 19. h4 Kg7 20. Qe2 b6 21. Rad1 Nf6 22. Ng2 Nd8 23. Qe3 Bh3 24. Qg5 Ng4 25. f3 Ne6 26. Qd2 Nf6 27. Kh2 Bxg2 28. Kxg2 Rad8 29. Qf2 Rd7 30. Ne3 Rfd8 31. Qe2 Re8 32. Rd2 Rdd8 33. Rfd1 Qe7 34. Nc4 Nd7 35. Qf2 Qf6 36. Kh2 Rb8 37. Nd6 Red8 38. Nc4 Ndf8 39. Ne3 Rd7 40. Bb3 Rdd8 41. Nc4 Kg8 42. Ba2 Kh8 43. Qe3 Kg7 44. Kg2 Nd7 45. Rf1 Ra8 46. Na3 Ndf8 47. Rdf2 Ra7 48. Rd2 Qe7 49. Rfd1 Rb7 50. Bc4 Rdb8 51. Ba6 Ra7 52. Bc4 Nc7 53. d4 b5 54. axb5 cxb5 55. Bf1 exd4 56. cxd4 Nfe6 57. d5 Nd4 58. Rxd4 cxd4 59. Qxd4+ Qf6 60. Qxa7 Qxb2+ 61. Kg1 Rc8 62. Qe3 a4 63. Qd4+ Qxd4+ 64. Rxd4 Na6 65. Bxb5 Rc1+ 66. Kf2 Nc5 67. Rc4 Nd3+ 68. Ke3 Ra1 69. Kxd3 Rxa3+ 70. Rc3 Ra1 71. Rc2 a3 72. Bc4 Kf6 73. d6 Rd1+ 74. Rd2 Rc1 75. f4 Kg7 76. e5 Kf8 77. Ra2 Rd1+ 78. Kc3 Rc1+ 79. Kb4 Rg1 80. Rxa3 1-0


[Site "https://www.chess.com"]

[Event "Titled Tuesday Blitz April 11 Late 2023"]
[White "Terry, Renato"]
[Black "Lazavik, Denis"]
[WhiteFideId "3803457"]
[BlackFideId "13515110"]
[WhiteElo "2575"]
[BlackElo "2560"]
[Result "1-0"]
[Round "10"]
[TimeControl "180+2"]
[Date "2023.04.11"]
[WhiteClock "0:00:06"]
[BlackClock "0:00:06"]

1. d4 f5 2. Bg5 h6 3. Bh4 g5 4. Bg3 Bg7 5. e3 c5 6. c3 Qb6 7. Bxb8 Rxb8 8. Qb3 Qxb3 9. axb3 cxd4 10. exd4 a6 11. h4 g4 12. Nd2 Nf6 13. Bd3 d6 14. Ne2 O-O 15. Nc4 b5 16. Ne3 Nh5 17. Nd5 Rf7 18. Nb4 Rb6 19. Nd5 Rb8 20. Nb4 e5 21. O-O e4 22. Bc2 Ra8 23. Nd5 Bb7 24. Ndf4 Nxf4 25. Nxf4 b4 26. Rfd1 d5 27. c4 dxc4 28. bxc4 Rd7 29. Ne6 Bf6 30. Ra5 Rd6 31. Nc5 Bc8 32. Nb3 Rd8 33. g3 Kf7 34. Ra4 Rb8 35. Ra5 Rb6 36. c5 Rb8 37. Ra4 h5 38. Kg2 Ra8 39. d5 Bxb2 40. Rxb4 a5 41. Ra4 Bc3 42. Rc4 Bb4 43. c6 Ba6 44. Rcd4 Bd6 45. Nxa5 Be2 46. Nc4 Bxd1 47. Bxd1 Kf6 48. Nb6 Ra1 49. Nd7+ Ke7 50. Be2 Rda8 51. Rd2 R8a2 52. Rxa2 Rxa2 53. Kf1 e3 54. Nb6 Ra1+ 55. Kg2 Bc7 56. Nc4 exf2 57. Kxf2 Ra2 58. Kf1 Bxg3 59. Bd3 Bc7 60. Ne3 f4 61. Nf5+ Kf6 62. d6 Bxd6 63. Nxd6 Ra1+ 64. Kf2 Ra2+ 65. Kf1 Ra1+ 66. Kf2 g3+ 67. Kf3 Ra3 68. Kxf4 Rxd3 69. c7 Rc3 70. Ne4+ Ke7 71. Nxc3 g2 72. Ne2 Kd7 73. Kg3 Kxc7 74. Kxg2 Kd6 75. Nf4 1-0


[Site "https://www.chess.com"]

[Event "Titled Tuesday Blitz April 11 Late 2023"]
[White "Sarana, Alexey"]
[Black "Makarian, Rudik"]
[WhiteFideId "24133795"]
[BlackFideId "44105681"]
[WhiteElo "2714"]
[BlackElo "2430"]
[Result "0-1"]
[Round "10"]
[TimeControl "180+2"]
[Date "2023.04.11"]
[WhiteClock "0:00:02"]
[BlackClock "0:00:10"]

1. d4 Nf6 2. c4 g6 3. Nc3 Bg7 4. e4 d6 5. Be2 O-O 6. Be3 e5 7. d5 Na6 8. g4 Nc5 9. f3 a5 10. h4 h5 11. g5 Ne8 12. Qd2 c6 13. Nh3 Bxh3 14. Rxh3 a4 15. dxc6 bxc6 16. Bxc5 Qc8 17. Rh2 dxc5 18. Bd1 a3 19. Na4 Qb8 20. Qe3 Nc7 21. Qxa3 Ne6 22. Qc3 Nd4 23. Nxc5 Qa7 24. b4 f6 25. gxf6 Rxf6 26. Rg2 Kh7 27. a4 Raf8 28. Ra3 Rf4 29. Rh2 Bh6 30. a5 Qe7 31. Qb2 Rxh4 32. Qg2 Rxh2 33. Qxh2 Qg5 34. Rd3 Qc1 35. Qg3 Bd2+ 36. Rxd2 Nxf3+ 37. Qxf3 Rxf3 38. a6 Re3+ 39. Re2 Qc3+ 40. Kf1 Rf3+ 41. Rf2 Qxc4+ 42. Be2 Rxf2+ 43. Kxf2 Qxb4 44. Ne6 Kh6 45. Kf1 g5 46. Nc7 Qa5 47. Ne8 g4 48. Nd6 Kg5 0-1


[Site "https://www.chess.com"]

[Event "Titled Tuesday Blitz April 11 Late 2023"]
[White "Kramnik, Vladimir"]
[Black "Kamsky, Gata"]
[WhiteFideId "4101588"]
[BlackFideId "2000024"]
[WhiteElo "2712"]
[BlackElo "2660"]
[Result "1-0"]
[Round "10"]
[TimeControl "180+2"]
[Date "2023.04.11"]
[WhiteClock "0:00:05"]
[BlackClock "0:00:04"]

1. e4 c5 2. Nf3 e6 3. d4 cxd4 4. Nxd4 a6 5. Bd3 Bc5 6. Nb3 Ba7 7. Nc3 Ne7 8. Qe2 d6 9. Be3 b5 10. f4 b4 11. Bxa7 Rxa7 12. Qe3 Nbc6 13. Na4 O-O 14. O-O-O Qc7 15. h4 Bd7 16. h5 Rb8 17. h6 g6 18. Qg3 f6 19. e5 dxe5 20. f5 e4 21. Qxc7 Rxc7 22. fxe6 exd3 23. exd7 Rxd7 24. Nac5 Rd5 25. Rxd3 Rxd3 26. Nxd3 Kf7 27. Nbc5 a5 28. Rf1 Rd8 29. Ne4 Nd5 30. Ng5+ Ke7 31. Re1+ Kd7 32. Nc5+ Kc8 33. Nf7 Rg8 34. Re6 Kc7 35. Rd6 Nce7 36. Ne6+ Kb7 37. a3 bxa3 38. bxa3 Nb6 39. Nfd8+ Ka7 40. c4 Nf5 41. Rc6 Nxh6 42. Rc7+ Ka8 43. c5 Nd5 44. Rxh7 Ng4 45. Nc6 1-0


[Site "https://www.chess.com"]

[Event "Titled Tuesday Blitz April 11 Late 2023"]
[White "Bakalchuk, Johnatan"]
[Black "Deac, Bogdan-Daniel"]
[WhiteFideId "2810301"]
[BlackFideId "1226380"]
[WhiteElo "2450"]
[BlackElo "2649"]
[Result "0-1"]
[Round "10"]
[TimeControl "180+2"]
[Date "2023.04.11"]
[WhiteClock "0:00:10"]
[BlackClock "0:00:22"]

1. e4 c6 2. d4 d5 3. exd5 cxd5 4. c4 Nf6 5. Nc3 e6 6. c5 a5 7. Nf3 b6 8. Na4 bxc5 9. dxc5 Bd7 10. Be3 Ra7 11. Be2 Ng4 12. Bd4 Nc6 13. Bc3 Nf6 14. Nd4 Ne4 15. Nb5 Rb7 16. O-O Nb4 17. Nb6 Bxc5 18. Nxd7 Qxd7 19. Nd4 O-O 20. Bd3 Nxc3 21. bxc3 Nxd3 22. Qxd3 Rfb8 23. Nb3 Qc7 24. c4 dxc4 0-1


[Site "https://www.chess.com"]

[Event "Titled Tuesday Blitz April 11 Late 2023"]
[White "Martinez Alcantara, Jose Eduardo"]
[Black "Vakhlamov, Igor L."]
[WhiteFideId "3805662"]
[BlackFideId "24126748"]
[WhiteElo "2711"]
[BlackElo "2400"]
[Result "1-0"]
[Round "10"]
[TimeControl "180+2"]
[Date "2023.04.11"]
[WhiteClock "0:00:06"]
[BlackClock "0:00:02"]

1. e4 c5 2. Nf3 e6 3. c3 d5 4. exd5 exd5 5. d4 Nf6 6. Bb5+ Nc6 7. O-O Be7 8. dxc5 Bxc5 9. Re1+ Be6 10. Bxc6+ bxc6 11. Be3 Bxe3 12. Rxe3 O-O 13. Nbd2 Qb6 14. b4 a5 15. a3 axb4 16. axb4 c5 17. bxc5 Qxc5 18. Rxa8 Rxa8 19. h3 Bf5 20. Nd4 Bg6 21. N2b3 Qc7 22. Qe1 h6 23. Re7 Qc4 24. Re3 Rb8 25. Nd2 Qc7 26. f3 Kh7 27. g4 Rb2 28. Kg2 Qf4 29. Re2 Qc7 30. Nf1 Rb1 31. Qd2 Ra1 32. Ng3 Qc4 33. Rf2 Ra3 34. Nge2 Ra2 35. Qe3 Bd3 36. Nf4 Bg6 37. Nxg6 fxg6 38. Rxa2 Qxa2+ 39. Kg3 Qa1 40. h4 Qf1 41. Ne6 Qc4 42. Nf8+ Kg8 43. Nxg6 Qc7+ 44. Kh3 Qb7 45. Ne7+ Kf7 46. Nf5 Qd7 47. Qe5 h5 48. Nd6+ Kg8 49. Nf5 hxg4+ 50. fxg4 Kf7 51. Kg3 Ne4+ 52. Kf4 Nf6 53. h5 Qc6 54. Qe7+ 1-0


[Site "https://www.chess.com"]

[Event "Titled Tuesday Blitz April 11 Late 2023"]
[White "Rustemov, Alexander"]
[Black "Zhigalko, Sergei"]
[WhiteFideId "4119002"]
[BlackFideId "13502956"]
[WhiteElo "2525"]
[BlackElo "2626"]
[Result "1-0"]
[Round "10"]
[TimeControl "180+2"]
[Date "2023.04.11"]
[WhiteClock "0:00:16"]
[BlackClock "0:00:05"]

1. d4 Nf6 2. Nf3 e6 3. c4 b6 4. a3 Ba6 5. Qc2 Bb7 6. Nc3 c5 7. e4 cxd4 8. Nxd4 Nc6 9. Nxc6 Bxc6 10. Bf4 Nh5 11. Be3 Bc5 12. Qd2 O-O 13. O-O-O Qc7 14. Kb1 Rad8 15. Bd3 Bxe3 16. Qxe3 Nf4 17. g3 Nxd3 18. Rxd3 f5 19. f3 fxe4 20. Nxe4 Qe5 21. Re1 Qh5 22. h4 h6 23. f4 e5 24. fxe5 Qxe5 25. Nc3 Qf5 26. Ka2 Rde8 27. Qxe8 Qxd3 28. Qe2 Qxg3 29. Nd5 Bxd5 30. cxd5 Qxh4 31. d6 Qf6 32. Qd3 Qf7+ 33. Ka1 Re8 34. Rc1 h5 35. Qa6 Qe6 36. Qxa7 Qxd6 37. Qb7 Qe6 38. Qg2 Rf8 39. Rg1 Rf7 40. Qg5 Qf5 41. Qd8+ Kh7 42. Qxb6 Re7 43. Rh1 Re5 44. Qd4 Rd5 45. Qh4 Qg6 46. Qh3 d6 47. Qf3 Rg5 48. Ka2 Qe6+ 49. Qb3 Qxb3+ 50. Kxb3 Kg6 51. a4 d5 52. a5 d4 53. Ra1 Rb5+ 54. Kc2 d3+ 55. Kc3 d2 56. b4 Rg5 57. Kxd2 h4 58. a6 h3 59. a7 Rg2+ 60. Kc3 Rg3+ 61. Kc4 Rg4+ 62. Kc5 Rg5+ 63. Kb6 1-0


[Site "https://www.chess.com"]

[Event "Titled Tuesday Blitz April 11 Late 2023"]
[White "Bortnyk, Olexandr"]
[Black "Hansen, Eric"]
[WhiteFideId "14120828"]
[BlackFideId "2606771"]
[WhiteElo "2734"]
[BlackElo "2561"]
[Result "1-0"]
[Round "10"]
[TimeControl "180+2"]
[Date "2023.04.11"]
[WhiteClock "0:01:53"]
[BlackClock "0:00:39"]

1. d4 Nf6 2. Nc3 d5 3. Bf4 a6 4. e3 e6 5. a3 c5 6. Nf3 Nc6 7. h3 Bd6 8. dxc5 Bxc5 9. Bd3 Qe7 10. O-O O-O 11. e4 d4 12. e5 dxc3 13. exf6 gxf6 14. bxc3 f5 15. Bg5 f6 16. Bh6 Rd8 17. Qe2 Kh8 18. Rfe1 Qf7 19. Bc4 Qg6 20. Bf4 Bd6 21. Nh4 Qg7 22. Bxd6 1-0


[Site "https://www.chess.com"]

[Event "Titled Tuesday Blitz April 11 Late 2023"]
[White "Duda, Jan-Krzysztof"]
[Black "Durarbayli, Vasif"]
[WhiteFideId "1170546"]
[BlackFideId "13402935"]
[WhiteElo "2790"]
[BlackElo "2551"]
[Result "0-1"]
[Round "10"]
[TimeControl "180+2"]
[Date "2023.04.11"]
[WhiteClock "0:00:04"]
[BlackClock "0:01:00"]

1. e4 e5 2. Nf3 Nc6 3. Bc4 Nf6 4. d3 h6 5. O-O d6 6. c3 g5 7. b4 Bg7 8. a4 O-O 9. b5 Ne7 10. a5 Ng6 11. Na3 c6 12. bxc6 bxc6 13. a6 d5 14. exd5 cxd5 15. Bb5 Bg4 16. h3 Bh5 17. Nc2 Qb6 18. Rb1 e4 19. Be3 Qc7 20. dxe4 dxe4 21. g4 Nxg4 22. hxg4 Bxg4 23. Be2 Rad8 24. Nfd4 Bc8 25. Qd2 f5 26. Nb4 f4 27. Qa2+ Kh7 28. Ne6 Qd7 29. Bc4 fxe3 30. fxe3 Rxf1+ 31. Rxf1 Re8 32. Bd5 Qd6 33. Rf7 Bxe6 34. Bxe6 Rxe6 35. Rxa7 Qg3+ 36. Qg2 Qxe3+ 37. Qf2 Qxf2+ 38. Kxf2 e3+ 39. Ke1 Nf4 40. Rd7 e2 41. Nc2 Rxa6 0-1


[Site "https://www.chess.com"]

[Event "Titled Tuesday Blitz April 11 Late 2023"]
[White "Grigorjev, Iljya"]
[Black "Sargsyan, Shant"]
[WhiteFideId "24159565"]
[BlackFideId "13306766"]
[WhiteElo "2323"]
[BlackElo "2628"]
[Result "0-1"]
[Round "10"]
[TimeControl "180+2"]
[Date "2023.04.11"]
[WhiteClock "0:00:04"]
[BlackClock "0:00:10"]

1. d4 g6 2. c4 Bg7 3. Nc3 d6 4. e4 Nc6 5. Be3 e5 6. dxe5 dxe5 7. Qxd8+ Nxd8 8. O-O-O Ne6 9. Nf3 c6 10. c5 f6 11. Nd2 Bh6 12. b4 a5 13. a3 axb4 14. axb4 Nd4 15. Kb2 Bg4 16. Rc1 Be6 17. Bc4 Kf7 18. Ra1 Rd8 19. Ra7 Rd7 20. Bxe6+ Kxe6 21. Nc4 Bf8 22. Na5 f5 23. f3 Nf6 24. Rxb7 Rxb7 25. Nxb7 fxe4 26. fxe4 Ng4 27. Bd2 Be7 28. h3 Nf2 29. Rf1 Nd3+ 30. Ka3 Ra8+ 31. Na4 Rb8 32. Na5 Nxb4 33. Bxb4 Nc2+ 34. Kb3 Rxb4+ 35. Kxc2 Rxa4 36. Nxc6 Bxc5 37. Nd8+ Ke7 38. Nc6+ Ke6 39. Nd8+ Kd7 40. Rd1+ Bd4 41. Nf7 Ra2+ 42. Kb3 Rb2+ 43. Kc4 Ke7 44. Ng5 Rxg2 45. Nxh7 Rg3 46. Kd5 Rc3 47. Rxd4 exd4 48. Kxd4 Rxh3 49. Ng5 Ra3 50. Ke5 Ra5+ 51. Kf4 Kf6 52. Nf3 Ra4 53. Ng5 Ra1 54. Nf3 Rf1 55. Kg4 Rb1 56. Kf4 Rb4 57. Ng5 Ra4 58. Nf3 Ra5 59. Kg4 g5 60. e5+ Kg6 61. e6 Ra4+ 62. Kg3 Re4 63. e7 Rxe7 64. Kg4 Re4+ 65. Kg3 Ra4 66. Nd2 Kh5 67. Nf3 Ra3 68. Kg2 Rxf3 69. Kxf3 Kh4 70. Kf2 Kh3 71. Kg1 Kg3 72. Kh1 Kf2 73. Kh2 g4 74. Kh1 Kg3 75. Kg1 Kh3 0-1


[Site "https://www.chess.com"]

[Event "Titled Tuesday Blitz April 11 Late 2023"]
[White "Eljanov, Pavel"]
[Black "Ibarra Jerez, Jose Carlos"]
[WhiteFideId "14102951"]
[BlackFideId "2226332"]
[WhiteElo "2598"]
[BlackElo "2638"]
[Result "0-1"]
[Round "10"]
[TimeControl "180+2"]
[Date "2023.04.11"]
[WhiteClock "0:00:02"]
[BlackClock "0:01:19"]

1. e4 c5 2. Nf3 Nc6 3. Bb5 e6 4. Bxc6 bxc6 5. d3 Qc7 6. O-O Ne7 7. Re1 Ng6 8. c3 Be7 9. d4 d5 10. Nbd2 O-O 11. Nb3 c4 12. Nc5 e5 13. exd5 cxd5 14. Ng5 h6 15. Nh3 Bxh3 16. gxh3 Bxc5 17. dxc5 Qxc5 18. Be3 Qc6 19. Qh5 Rfe8 20. Rad1 Rad8 21. f3 d4 22. Bc1 d3 23. Be3 Nf4 24. Bxf4 exf4 25. Qa5 Qxf3 0-1


[Site "https://www.chess.com"]

[Event "Titled Tuesday Blitz April 11 Late 2023"]
[White "Remizov, Yaroslav"]
[Black "Corrales Jimenez, Fidel"]
[WhiteFideId "34134015"]
[BlackFideId "3506690"]
[WhiteElo "2412"]
[BlackElo "2541"]
[Result "1-0"]
[Round "10"]
[TimeControl "180+2"]
[Date "2023.04.11"]
[WhiteClock "0:00:07"]
[BlackClock "0:00:08"]

1. e4 c5 2. Nf3 d6 3. Bb5+ Nd7 4. O-O a6 5. Bd3 b5 6. c4 bxc4 7. Bxc4 Nb6 8. Be2 e5 9. Nc3 a5 10. Qb3 Bd7 11. Bb5 Be7 12. d3 Nf6 13. Bg5 O-O 14. Bxf6 Bxf6 15. Bxd7 Nxd7 16. Nd5 Bg5 17. Nxg5 Qxg5 18. f4 exf4 19. Rxf4 Ne5 20. Raf1 Rab8 21. Qc3 a4 22. h3 h6 23. Kh2 Kh8 24. Ne3 Ng6 25. R4f3 Qe5+ 26. Rg3 Rxb2 27. Qc4 Re2 28. Rf5 Qe8 29. d4 Qxe4 30. Qxe2 cxd4 31. Qg4 Qe6 32. Qxd4 Ne5 33. Rf2 g6 34. Ng4 Kh7 35. Nf6+ Kg7 36. Ng4 h5 37. Nxe5 dxe5 38. Qe3 f5 39. Rgf3 e4 40. Rg3 Qe5 41. Qg5 Rf6 42. Kh1 Kf7 43. Re3 Qa1+ 44. Kh2 Qe5+ 45. Qf4 Qe7 46. Rc3 Rd6 47. Rfc2 Kf6 48. Rc7 Qe6 49. Rh7 e3 50. Qh4+ Ke5 51. Qg3+ f4 52. Qg5+ Ke4 53. Re7 Kd3 54. Rxe6 Rxe6 55. Rc1 Re4 56. Qd5+ Rd4 57. Rd1+ Ke2 58. Qxd4 Kf2 59. Qxf4+ Ke2 60. Qf3# 1-0


[Site "https://www.chess.com"]

[Event "Titled Tuesday Blitz April 11 Late 2023"]
[White "Keymer, Vincent"]
[Black "Zarnicki, Pablo"]
[WhiteFideId "12940690"]
[BlackFideId "100137"]
[WhiteElo "2651"]
[BlackElo "2468"]
[Result "1/2-1/2"]
[Round "10"]
[TimeControl "180+2"]
[Date "2023.04.11"]
[WhiteClock "0:00:05"]
[BlackClock "0:00:35"]

1. Nf3 Nf6 2. a3 d5 3. e3 g6 4. b4 Bg7 5. Bb2 O-O 6. c4 c6 7. h3 a5 8. b5 c5 9. cxd5 Nxd5 10. Bxg7 Kxg7 11. Bc4 Nf6 12. O-O b6 13. Qb3 Nbd7 14. Nc3 Bb7 15. Ng5 Qe8 16. f4 h6 17. Nf3 e6 18. Rae1 Qe7 19. e4 Rfe8 20. d3 Rad8 21. Qb2 Kh7 22. Qf2 e5 23. Nxe5 Rf8 24. Nf3 Nh5 25. f5 Ne5 26. Nd5 Bxd5 27. exd5 Nxf3+ 28. Qxf3 Qg5 29. fxg6+ fxg6 30. Qxf8 Rxf8 31. Rxf8 Nf4 32. Rf7+ Kg8 33. Rxf4 Qxf4 34. d6+ Kg7 35. Re7+ Kf8 36. Re6 Qc1+ 37. Kf2 Qf4+ 38. Ke2 Qd4 39. Rxg6 Qe5+ 40. Kd2 Qb2+ 41. Ke3 Qe5+ 42. Kd2 Qb2+ 43. Kd1 Qa1+ 44. Ke2 Qe5+ 45. Kd2 1/2-1/2


[Site "https://www.chess.com"]

[Event "Titled Tuesday Blitz April 11 Late 2023"]
[White "Howell, David W L"]
[Black "Hambleton, Aman"]
[WhiteFideId "410608"]
[BlackFideId "2606577"]
[WhiteElo "2567"]
[BlackElo "2511"]
[Result "1-0"]
[Round "10"]
[TimeControl "180+2"]
[Date "2023.04.11"]
[WhiteClock "0:00:29"]
[BlackClock "0:00:02"]

1. c4 c5 2. Nf3 b6 3. b3 Bb7 4. Bb2 e6 5. g3 Nf6 6. Bg2 d6 7. O-O Nbd7 8. e3 Be7 9. Qe2 O-O 10. Nc3 Re8 11. Rac1 a6 12. Rfd1 Qc7 13. d4 cxd4 14. exd4 Rac8 15. Qe3 h6 16. h3 Qb8 17. d5 e5 18. Nh4 Bf8 19. Nf5 Kh7 20. g4 g6 21. Ng3 Bg7 22. Re1 Rcd8 23. Qf3 Kg8 24. h4 Nc5 25. g5 hxg5 26. hxg5 Nh7 27. Nce4 Bc8 28. Rc3 Qc7 29. Bc1 Qe7 30. Nxc5 bxc5 31. Ne4 Bf5 32. Qg3 f6 33. gxf6 Nxf6 34. Bg5 Qf7 35. Bxf6 Bxf6 36. Bh3 Bxh3 37. Qxh3 Bg7 38. Rf3 Qd7 39. Qg2 Rf8 40. Ree3 Rf4 41. Rg3 Qf5 42. Rg5 Qf7 43. Rxg6 Rf8 44. Reg3 Rxe4 45. Rxg7+ Qxg7 46. Rxg7+ Kh8 47. Qxe4 Kxg7 48. Qg4+ Kh6 49. Qe6+ Kg5 50. Qxd6 Rf5 51. Qxc5 e4 52. Qe3+ Kf6 53. Qxe4 a5 54. d6 1-0


[Site "https://www.chess.com"]

[Event "Titled Tuesday Blitz April 11 Late 2023"]
[White "Indjic, Aleksandar"]
[Black "Rozman, Levy"]
[WhiteFideId "911925"]
[BlackFideId "2039877"]
[WhiteElo "2614"]
[BlackElo "2376"]
[Result "1-0"]
[Round "10"]
[TimeControl "180+2"]
[Date "2023.04.11"]
[WhiteClock "0:00:55"]
[BlackClock "0:00:15"]

1. a4 d5 2. Nf3 Nf6 3. b3 Bf5 4. Bb2 e6 5. d3 h6 6. Nbd2 Bh7 7. Rg1 c5 8. g4 d4 9. h4 Nd5 10. Nc4 Nc6 11. e4 Nc3 12. Qd2 b5 13. axb5 Nxb5 14. g5 Bg6 15. Nfe5 Nxe5 16. Nxe5 Bh5 17. f4 hxg5 18. hxg5 a5 19. Nc4 Qc7 20. Bg2 Nc3 21. Bxc3 dxc3 22. Qe3 f6 23. e5 Ra6 24. Rh1 fxg5 25. fxg5 g6 26. Be4 Bg7 27. Rf1 Rf8 28. Rf6 Bxf6 29. gxf6 a4 30. bxa4 Kf7 31. Qh6 Kg8 32. Bxg6 Bxg6 33. Qxg6+ Kh8 34. Qh6+ Kg8 35. Ke2 1-0


[Site "https://www.chess.com"]